 Dungeon Crawl Stone Soup version 0.28-a0-172-g787e458d71 (webtiles) character file.

Game seed: 3974040136072066070

456 runemasterragnar the Conjurer (level 7, 0/55 HPs)
             Began as a Naga Hedge Wizard on Aug 16, 2021.
             Slain by an iguana (9 damage)
             ... on level 5 of the Dungeon.
             The game lasted 00:11:25 (6679 turns).

runemasterragnar the Conjurer (Naga Hedge Wizard)   Turns: 6679, Time: 00:11:25

Health: 0/55       AC:  5    Str: 12    XL:     7   Next: 6%
Magic:  6/11       EV:  9    Int: 16    God:
Gold:   176        SH:  0    Dex: 11    Spells: 4/12 levels left

rFire   . . .      SeeInvis +   m - +1 short sword (vamp)
rCold   . . .      Faith    .   (no shield)
rNeg    . . .      Spirit   .   b - +0 robe
rPois   +          Reflect  .   c - +0 hat
rElec   .          Harm     .   o - +0 cloak
rCorr   .          Rampage  .   j - +0 pair of gloves
Will    .....                   (no barding)
Stlth   ++........              (no amulet)
HPRegen 0.18/turn               (no ring)
MPRegen 0.12/turn               (no ring)

@: very slow
A: AC +2, large, see invisible, deformed body, poison resistance, slowness 2,
spit poison 1, naga tail 1
a: Spit Poison


You were on level 5 of the Dungeon.
You visited 1 branch of the dungeon, and saw 5 of its levels.

You collected 176 gold pieces.

Inventory:

Hand Weapons
 a - a +0 dagger
 m - a +1 vampiric short sword (weapon)
Armour
 b - a +0 robe (worn)
 c - a +0 hat (worn)
 e - a +0 kite shield
 j - a +0 pair of gloves (worn)
 o - a +0 cloak (worn)
Scrolls
 i - a scroll of immolation {unknown}
 p - 2 scrolls of blinking {unknown}
 q - a scroll of identify
 r - a scroll of brand weapon {unknown}
Potions
 d - 2 potions of might
 f - a potion of haste
 g - a potion of mutation {unknown}
 h - a potion of curing
 k - 2 potions of brilliance {unknown}
 l - a potion of invisibility {unknown}
 n - a potion of berserk rage {unknown}


   Skills:
 - Level 1.5 Dodging
 - Level 3.0 Stealth
 - Level 3.0 Spellcasting
 * Level 5.8 Conjurations
 - Level 1.0 Summonings
 - Level 4.1 Translocations


You had 4 spell levels left.
You knew the following spells:

 Your Spells              Type           Power      Damage    Failure   Level
a - Magic Dart            Conj           80%        1d7       1%          1
b - Call Imp              Summ           5%         N/A       19%         2
c - Mephitic Cloud        Conj/Pois/Air  8%         N/A       26%         3
d - Blink                 Tloc           N/A        N/A       5%          2

Your spell library contained the following spells:

 Spells                   Type           Power      Damage    Failure   Level
 Apportation              Tloc           30%        N/A       3%          1
 Summon Small Mammal      Summ           20%        N/A       12%         1
 Conjure Flame            Conj/Fire      11%        6-21      17%         3
 Animate Skeleton         Necr           4%         N/A       19%         1
 Corona                   Hex            2%         N/A       19%         1
 Slow                     Hex            2%         N/A       28%         2
 Sublimation of Blood     Necr           1%         N/A       28%         2
 Wereblood                Tmut           2%         N/A       28%         2
 Summon Hydra             Summ           2%         N/A       100%        7


Dungeon Overview and Level Annotations

Branches:
Dungeon (5/15)
 Temple: D:4-7

Altars:

Shops:
D:1 **!


Innate Abilities, Weirdness & Mutations

Your serpentine skin is tough. (AC +2)
You have supernaturally acute eyesight. (SInv)
Armour fits poorly on your strangely shaped body.
Your system is resistant to poisons. (rPois)
You cover ground very slowly.
You can spit poison.
You have a snake-like lower body.


Message History

The magic dart hits the iguana but does no damage.
The iguana is moderately wounded.
You have got your breath back.
Casting: Magic Dart (safe; 1% risk of failure)
Confirm with . or Enter, or press ? or * to list all spells.
Aiming: Magic Dart (safe; 1% risk of failure)
Press: ? - help, Shift-Dir - straight line, f/p - iguana
Aim: an iguana (moderately wounded, poisoned, 100% to hit)
The magic dart hits the iguana.
The iguana is heavily wounded.
The iguana bites you!
You hit the iguana.
You feel better.
The iguana is severely wounded.
The iguana bites you!
You hit the iguana but do no damage.
The iguana is severely wounded.
The iguana bites you! The iguana bites you.
* * * LOW HITPOINT WARNING * * *
You barely miss the iguana.
The iguana is severely wounded.
The iguana misses you.
Casting: Magic Dart (safe; 1% risk of failure)
Confirm with . or Enter, or press ? or * to list all spells.
Aiming: Magic Dart (safe; 1% risk of failure)
Press: ? - help, Shift-Dir - straight line, f/p - iguana
Aim: an iguana (almost dead, poisoned, 100% to hit)
The magic dart hits the iguana but does no damage.
The iguana is almost dead.
The iguana bites you!
* * * LOW HITPOINT WARNING * * *
Unknown command.
Casting: Magic Dart (safe; 1% risk of failure)
Confirm with . or Enter, or press ? or * to list all spells.
Aiming: Magic Dart (safe; 1% risk of failure)
Press: ? - help, Shift-Dir - straight line, f/p - iguana
Aim: an iguana (almost dead, poisoned, 100% to hit)
The magic dart hits the iguana but does no damage.
The iguana is almost dead.
The iguana looks more healthy.
The iguana bites you!
You die...

##################
.................#
####.#####.#####@#
# #.# #.# #l#
####[# #.# #.#
.....# #.# #.#
#####. ... ..# # .
... #.$ . #.. ...
####.. #.# .[....
#. #.# #..#


You could see an iguana.

Vanquished Creatures
  A scorpion (D:5)
  A centaur skeleton (D:4)
  An orc priest (D:3)
  Crazy Yiuf (D:3)
  Jessica (D:2)
  Natasha (twice) (D:3)
  An orc wizard (D:4)
  A hound skeleton (D:4)
  7 gnolls
  3 adders
  An adder skeleton (D:4)
  3 worms
  3 dart slugs
  6 orcs
  9 ball pythons
  4 bats
  7 endoplasms
  3 giant cockroaches
  16 goblins
  9 hobgoblins
  9 jackals
  A quokka (D:2)
  2 frilled lizards (D:1)
  A kobold (D:3)
  6 rats
99 creatures vanquished.

Vanquished Creatures (others)
  7 withered plants (D:1)
7 creatures vanquished.

Grand Total: 106 creatures vanquished

Notes
Turn   | Place    | Note
-------+----------+-------------------------------------------
     0 | D:1      | runemasterragnar the Naga Hedge Wizard began the quest for
                  | the Orb.
     0 | D:1      | Reached XP level 1. HP: 15/15 MP: 4/4
   114 | D:1      | Reached skill level 2 in Conjurations
   114 | D:1      | Reached XP level 2. HP: 10/22 MP: 0/6
  1026 | D:1      | Found Jukuda's General Store.
  1038 | D:1      | Reached skill level 3 in Conjurations
  1038 | D:1      | Reached XP level 3. HP: 24/28 MP: 1/7
  1094 | D:1      | Found a faded altar of an unknown god.
  1211 | D:1      | Found Ceaggi Nidu's Assorted Antiques.
  1402 | D:1      | Found Atuutus's Distillery.
  1858 | D:2      | Learned a level 2 spell: Call Imp
  1862 | D:2      | Learned a level 3 spell: Mephitic Cloud
  1865 | D:2      | Learned a level 2 spell: Blink
  2062 | D:2      | Noticed Jessica
  2065 | D:2      | Killed Jessica
  2066 | D:2      | Reached skill level 4 in Conjurations
  2066 | D:2      | Reached XP level 4. HP: 36/36 MP: 5/8
  2958 | D:3      | Found a runed translucent door.
  2959 | D:3      | Noticed Crazy Yiuf
  3472 | D:3      | Reached XP level 5. HP: 42/42 MP: 6/9
  4073 | D:3      | Noticed Natasha
  4082 | D:3      | Killed Natasha
  4312 | D:3      | Noticed Natasha
  4319 | D:3      | Killed Natasha
  4442 | D:3      | Killed Crazy Yiuf
  4443 | D:3      | Reached XP level 6. HP: 21/49 MP: 1/10
  5605 | D:4      | Reached skill level 5 in Conjurations
  6018 | D:5      | Entered Level 5 of the Dungeon
  6468 | D:5      | Reached XP level 7. HP: 41/55 MP: 2/11
  6679 | D:5      | Slain by an iguana

Illustrated notes

Levels and vault maps discovered:
D:1:      onia_arrival_handbag, layout_loops_corners, serial_shops,
          nicolae_shop_overgrown_old_shop, shop, nicolae_shop_crystal,
          ebering_ecumenical_altar_petrified, minmay_circled_x
D:2:      layout_loops_cross, uniq_jessica
D:3:      layout_basic, uniq_crazy_yiuf_cottage, uniq_natasha
D:4:      kennysheep_the_goblin_king, layout_loops_corners
D:5:      layout_loops_ring, uniq_pikel

Skill      XL: |  1  2  3  4  5  6 |
---------------+-------------------+-----
Conjurations   | 2 3 4 5 |  5.8
Translocations | 2 3 4 |  4.1
Dodging        | |  1.5
Stealth        | |  3.0
Spellcasting   | |  3.0
Summonings     | |  1.0

Action                   |  1- 3 |  4- 6 |  7- 9 || total
-------------------------+-------+-------+-------++-------
Melee: Dagger            |    30 |     5 |       ||    35
       Short sword       |       |   103 |     3 ||   106
 Cast: Magic Dart        |    50 |   116 |     6 ||   172
       Blink             |       |     3 |       ||     3
       Call Imp          |       |     3 |       ||     3
       Mephitic Cloud    |       |     5 |       ||     5
 Abil: Spit Poison       |    11 |    31 |     1 ||    43
  Use: Scroll            |       |     3 |       ||     3
       Potion            |       |     1 |       ||     1
 Stab: Sleeping          |       |     5 |       ||     5
Armor: Robe              |     9 |    42 |       ||    51
Dodge: Dodged            |    35 |    83 |     1 ||   119

Table legend: (Time is in decaauts)
 A = Elapsed time spent in this place.
 B = Non-inter-level travel time spent in this place.
 C = Inter-level travel time spent in this place.
 D = Time resting spent in this place.
 E = Time spent auto-exploring this place.
 F = Levels seen in this place.
 G = Mean time per level.
                   A        B        C        D        E       F      G
               +--------+--------+--------+--------+--------+-----+--------+
         Total |   8271 |   8004 |    267 |    917 |   6175 |   5 | 1654.2 |
       Dungeon |   8271 |   8004 |    267 |    917 |   6175 |   5 | 1654.2 |
               +--------+--------+--------+--------+--------+-----+--------+

Top non-repeatable levels by time:
     D:3: 2223 daAuts
     D:1: 2187 daAuts
     D:4: 1755 daAuts
     D:2: 1309 daAuts
     D:5: 795 daAuts
